 Dungeon Crawl Stone Soup version 0.31-a0-1499-ge0622b2318 (webtiles) character file.

Game seed: 6877708696374552712

104194 boo the Warrior (level 16, -5/153 (157) HPs)
             Began as a Hill Orc Fighter on Dec 29, 2023.
             Was a Priest of Okawaru.
             Killed from afar by a tengu reaver (19 damage)
             ... with a bolt of lightning
             ... on level 13 of the Dungeon.
             The game lasted 01:09:48 (33139 turns).

boo the Warrior (Hill Orc Fighter)                 Turns: 33139, Time: 01:09:49

HP:   -5/153 (157)  AC: 26    Str: 27    XL:     16   Next: 38%
MP:   0/23          EV: 10    Int:  8    God:    Okawaru [***...]
Gold: 551           SH: 10    Dex: 10    Spells: 15/15 levels left

rFire   + . .        a - +11 war axe of Veolec {freeze, Will+}
rCold   . . .        t - +2 buckler {rF+}
rNeg    + . .        H - +0 plate armour
rPois   .            (no helmet)
rElec   .            l - +2 cloak {rCorr}
rCorr   +            s - +0 pair of gloves
SInv    +            D - +0 pair of boots
Will    ++...        k - amulet of guardian spirit Stlth
                     i - ring of positive energy
HPRegen 0.45/turn    p - ring of see invisible
MPRegen 0.18/turn

%: guardian spirit
@: heroic, lightly drained
A: no striking features
a: Renounce Religion, Heroism


You were on level 13 of the Dungeon.
You worshipped Okawaru.
Okawaru was most pleased with you.
You visited 4 branches of the dungeon, and saw 21 of its levels.
You also visited: Sewer.

You collected 2157 gold pieces.
You spent 1606 gold pieces at shops.

Inventory:

Hand Weapons
 a - the +11 war axe of Veolec (weapon) {freeze, Will+}
   (You found it on level 3 of the Lair of Beasts)

   Will+:     It increases your willpower.
 b - the +11 whip "Buipt" {venom, rElec rPois rC++ Dex-4}
   (You found it on level 6 of the Dungeon)

   Dex-4:     It affects your dexterity (-4).
   rC++:      It greatly protects you from cold.
   rElec:     It insulates you from electricity.
   rPois:     It protects you from poison
 w - the +1 war axe of Superiority {flame, rPois rC+ Int-5 SInv}
   (You bought it in a shop on level 8 of the Dungeon)

   Int-5:     It affects your intelligence (-5).
   rC+:       It protects you from cold.
   rPois:     It protects you from poison SInv: It lets you see invisible.
 X - a +1 battleaxe of electrocution
Missiles
 M - a throwing net (quivered)
 R - 14 javelins
 Z - 7 curare-tipped darts
Armour
 l - a +2 cloak of preservation (worn)
 s - a +0 pair of gloves (worn)
 t - a +2 buckler of fire resistance (worn)
 D - a +0 pair of boots (worn)
 H - a +0 plate armour (worn)
 I - a scarf of repulsion
Jewellery
 i - a ring of positive energy (left hand)
 k - an amulet of guardian spirit (around neck)
 p - a ring of see invisible (right hand)
 P - a ring of protection from fire
 Q - a ring of flight
 V - the ring of Otuagg {Fly Will- Int+6 Dex+5 Slay+2}
   (You found it on level 5 of the Lair of Beasts)

   [ring of intelligence]

   Int+6:     It affects your intelligence (+6).
   Dex+5:     It affects your dexterity (+5).
   Slay+2:    It affects your accuracy & damage with ranged weapons and melee
   (+2).
   Will-:     It decreases your willpower.
   Fly:       It grants you flight.
 Y - the ring of Fedhas's Generosity {Fire rElec rCorr}
   (You found it on level 5 of the Lair of Beasts)

   [ring of fire]

   Fire:      It enhances your fire magic.
   rF+:       It protects you from fire.
   rC-:       It makes you vulnerable to cold.
   rElec:     It insulates you from electricity.
   rCorr:     It protects you from acid and corrosion.
Wands
 c - a wand of digging (2)
 o - a wand of mindburst (18)
 C - a wand of quicksilver (5)
 U - a wand of roots (10)
Scrolls
 f - 7 scrolls of amnesia
 g - 2 scrolls of enchant armour
 h - 8 scrolls of teleportation
 m - 7 scrolls of revelation
 n - 2 scrolls of brand weapon
 r - a scroll of immolation {unknown}
 u - 2 scrolls of silence
 y - 6 scrolls of fear
 z - 4 scrolls of blinking
 B - 3 scrolls of fog
 J - a scroll of acquirement {unknown}
 N - 2 scrolls of enchant weapon {unknown}
 O - a scroll of summoning {unknown}
 S - 2 scrolls of torment {unknown}
 W - a scroll of poison {unknown}
Potions
 d - 5 potions of might
 e - 3 potions of ambrosia
 j - 2 potions of cancellation
 q - 2 potions of lignification
 v - 3 potions of enlightenment
 x - 12 potions of curing
 A - 3 potions of mutation
 F - a potion of magic {unknown}
 K - a potion of berserk rage {unknown}
 L - 2 potions of heal wounds
 T - 3 potions of attraction


   Skills:
 * Level 17.9(22.9) Fighting
 - Level 17.1(23.2) Axes
 - Level 9.1(17.9) Maces & Flails
 + Level 14.6(19.6) Armour
 - Level 12.5(17.5) Shields
 + Level 9.5 Invocations
 + Level 7.3 Evocations


You had 15 spell levels left.
You didn't know any spells.
Your spell library contained the following spells:

 Spells                   Type           Power      Damage    Failure   Level
 Freeze                   Ice            0%         1d3       92%         1
 Magic Dart               Conj           0%         1d3       92%         1
 Necrotise                Necr           0%         1d4       92%         1
 Cigotuvi's Dreadful Rot  Necr/Alch/Air  0%         N/A       98%         2
 Ensorcelled Hibernation  Hex/Ice        0%         N/A       98%         2
 Searing Ray              Conj           0%         2d4       98%         2
 Static Discharge         Conj/Air       0%         3-3/arc   98%         2
 Frozen Ramparts          Ice            0%         1d1       100%        3
 Gell's Gravitas          Tloc           0%         N/A       100%        3
 Hailstorm                Conj/Ice       0%         3d5       100%        3
 Inner Flame              Hex/Fire       0%         N/A       100%        3
 Passwall                 Erth           0%         N/A       100%        3
 Sigil of Binding         Hex            0%         N/A       100%        3
 Swiftness                Air            0%         N/A       100%        3
 Teleport Other           Tloc           0%         N/A       100%        3
 Vampiric Draining        Necr           0%         2d6       100%        3
 Airstrike                Air            0%         2d(0-16)  100%        4
 Dimensional Bullseye     Hex/Tloc       0%         N/A       100%        4
 Flame Wave               Conj/Fire      0%         2d4       100%        4
 Fulminant Prism          Conj/Alch      0%         3d5       100%        4
 Ignite Poison            Fire/Alch      0%         N/A       100%        4
 Sticky Flame             Fire/Alch      0%         2d4       100%        4
 Curse of Agony           Necr           0%         N/A       100%        5
 Freezing Cloud           Conj/Ice/Air   0%         6-21      100%        5
 Irradiate                Conj/Alch      0%         3d11      100%        5
 Dispersal                Tloc           0%         N/A       100%        6
 Ignition                 Fire           0%         3d3       100%        8
 Call Canine Familiar     Summ           Unusable   N/A       N/A         3
 Martyr's Knell           Necr/Summ      Unusable   N/A       N/A         4
 Summon Lightning Spire   Summ/Air       Unusable   N/A       N/A         4

Dungeon Overview and Level Annotations

Branches:
Dungeon (13/15)            Temple (1/1) D:7            Lair (5/5) D:8
  Swamp (0/4) Lair:3        Snake (0/4) Lair:3        Slime (0/5) Lair:5
    Orc (2/2) D:9             Elf (0/3) Orc:2        Vaults (0/5) D:13
  Sewer (visited)

Altars:
Ashenzari
Cheibriados
Dithmenos
Elyvilon
Fedhas
Gozag
Hepliaklqana
Kikubaaqudgha
Makhleb
Nemelex Xobeh
Okawaru
Qazlal
Ru
Sif Muna
Trog
Uskayaw
Vehumet
Wu Jian
Xom
Yredelemnul
Zin
The Shining One
Beogh

Shops:
D:4 (   D:5 (   D:6 *   D:8 (   D:9 !:[   D:10 [   Orc:2 [[:([

Annotations:
D:4 2 transporters, exclusion: downstairs, tgirl's ghost, amateur DsNe
D:5 exclusion: downstairs
Lair:2 exclusion: 2 downstairs
Lair:4 exclusion: 2 downstairs


Message History

The tengu reaver points at you and mumbles some strange words.
The bolt of acid hits you!! You resist. The tengu reaver blocks your attack.
The tengu reaver is heavily wounded.
The tengu reaver gestures at you while chanting.
The bolt of fire hits you! You resist.
Unknown command.
The tengu reaver blocks your attack.
The tengu reaver is heavily wounded.
You slash the tengu reaver!
The tengu reaver points at you and mumbles some strange words.
The bolt of cold misses you.
You completely miss the tengu reaver.
The tengu reaver is heavily wounded.
You miss the tengu reaver. The tengu reaver casts a spell at you.
The bolt of cold hits you!!
You slash the tengu reaver! You freeze the tengu reaver.
The tengu reaver is severely wounded.
You hit the tengu reaver but do no damage.
The tengu reaver barely misses you. You block the tengu reaver's attack.
The tengu reaver claws you but does no damage.
The tengu reaver misses you.
The tengu reaver pecks you but does no damage.
The tengu reaver claws you but does no damage.
The tengu reaver blocks your attack.
The tengu reaver is severely wounded.
You closely miss the tengu reaver. You block the tengu reaver's attack.
The tengu reaver pecks you but does no damage.
The tengu reaver closely misses you. The tengu reaver casts a spell at you.
The bolt of cold hits you!!!
* * * LOW HITPOINT WARNING * * *
You slice the tengu reaver!! You freeze the tengu reaver!
You kill the tengu reaver!
Okawaru accepts your kill.
You slash the tengu reaver! You freeze the tengu reaver.
The tengu reaver points at you and mumbles some strange words.
The bolt of lightning hits you!!
You die...

#≈≈≈~....#†#
##.#(....'.)...#..
≈≈≈~~....#.#
#.#(....#.)...#..
≈≈≈~....##.##
#.########'††##..
≈≈~~....##..#
#.#.)...#..)..#..
≈~≈.....##..#
#.#.....'.....#..
~~.....###..#
#.#..⌠.†)..⌠..#.. ~......#
#..# #.#.....).....#..
......##
#..#####Q#..)..#.....#..
.....##
#......@)##'''########..
...###
#.......................
####
#..............>.#######
##########................#
#
..........................#
#
....................#####.#
# #########...........# #.#
# ........#...........# #.#
# ........#...........# #.#
#


You could see a tengu reaver (repels missiles).

Vanquished Creatures
  Rupert (D:13)
  Jorgrun (D:12)
  Kirke (Lair:5)
  A tengu reaver (D:13)
  4 dire elephants (Lair:5)
  6 hydras
  A catoblepas (Lair:4)
  4 vault guards (D:13)
  4 ogre magi (Orc:2)
  15 two-headed ogres
  2 ghost crabs (Lair:3)
  5 boulder beetles
  The ghost of xnavy the Martial Artist, a novice DsSh of Wu Jian (D:10)
  Urug (Orc:1)
  An orc high priest (Orc:2)
  Nergalle (D:12)
  Sonja (Lair:5)
  4 skysharks
  A spectral anaconda (Lair:5)
  A spectral death yak (Lair:5)
  An obsidian statue (Lair:5)
  2 lindwurms (Lair:4)
  4 necromancers
  2 orc knights
  2 arcanists (D:13)
  An ugly thing (D:13)
  A spectral boulder beetle (Lair:3)
  4 cyclopes
  Maurice (D:8)
  28 elephants
  A kobold blastminer (Orc:1)
  Joseph (D:7)
  5 black mambas
  2 dire elephant zombies (Lair:5)
  14 cane toads
  A dire elephant skeleton (Lair:5)
  4 torpor snails
  A rime drake (Lair:2)
  A spectral skyshark (Lair:3)
  10 komodo dragons
  A queen bee (D:11)
  3 trolls
  2 polar bears (shapeshifter) (D:13)
  4 polar bears
  A merfolk (D:9)
  5 dream sheep
  A spectral elephant (Lair:5)
  27 blink frogs
  8 spriggans (Lair:1)
  3 water elementals (D:13)
  5 wraiths
  74 yaks
  3 hogs (Lair:5)
  19 humans
  8 wyverns
  6 basilisks
  2 steam dragons
  4 wargs
  5 vampire mosquitoes
  Menkaure (D:5)
  2 spectral cane toads (Lair:5)
  2 nagas (Lair:3)
  3 acid dragons
  17 water moccasins
  22 orc warriors
  A black bear (D:8)
  An ice beast (D:8)
  2 elephant zombies (Lair:5)
  18 wolves
  An elephant skeleton (Lair:5)
  21 ogres
  3 centaurs
  3 phantoms
  3 kobold brigands
  18 bullfrogs
  5 scorpions
  A gnoll sergeant (D:10)
  8 wights
  21 killer bees
  An elephant simulacrum (Lair:5)
  7 electric eels
  6 howler monkeys
  4 bombardier beetles (D:5)
  A jelly (D:7)
  4 gnoll boudas
  9 hounds
  12 orc priests
  4 iguanas
  A sleepcap (D:5)
  23 orc wizards
  A hell rat (Lair:1)
  12 gnolls
  9 adders
  A river rat (D:6)
  3 ribbon worms
  3 white imps
  6 ufetubi
  A dart slug (D:2)
  88 orcs
  2 bats
  18 endoplasms
  12 giant cockroaches
  3 hobgoblins
  A jackal (D:5)
  25 kobolds
  12 quokkas
  9 ball pythons
  A bat (shapeshifter) (D:13)
  9 frilled lizards
  7 goblins
  4 rats
775 creatures vanquished.

Vanquished Creatures (others)
  An arcanist (D:7)
  A blink frog (Lair:4)
  An orc wizard (D:8)
3 creatures vanquished.

Grand Total: 778 creatures vanquished

Notes
Turn   | Place    | Note
-------+----------+-------------------------------------------
     0 | D:1      | boo the Hill Orc Fighter began the quest for the Orb.
     0 | D:1      | Reached XP level 1. HP: 19/19 MP: 1/1
    82 | D:1      | Reached XP level 2. HP: 24/27 MP: 2/2
   843 | D:1      | Reached XP level 3. HP: 33/33 MP: 3/3
  1140 | D:2      | Found a faded altar of an unknown god.
  1664 | D:3      | Noticed a scorpion
  1672 | D:3      | Killed a scorpion
  1673 | D:3      | Reached XP level 4. HP: 22/41 MP: 4/4
  1673 | D:3      | Reached XP level 5. HP: 25/47 MP: 5/5
  2162 | D:3      | Found a snail-covered altar of Cheibriados.
  2408 | D:4      | Found Yppuk's Antique Weapon Shop.
  2487 | D:4      | Reached skill level 5 in Axes
  2802 | D:4      | Found a hazy altar of Hepliaklqana.
  2915 | D:4      | Reached XP level 6. HP: 45/53 MP: 3/6
  3182 | D:4      | Found a transporter.
  3182 | D:4      | Found a transporter.
  3193 | D:4      | Noticed tgirl's ghost (amateur DsNe)
  3268 | D:4      | Reached skill level 5 in Fighting
  3511 | D:5      | Entered Level 5 of the Dungeon
  3560 | D:4      | Reached XP level 7. HP: 23/61 MP: 3/7
  3776 | D:5      | Found a sacrificial altar of Ru.
  3909 | D:5      | Noticed Menkaure
  4038 | D:4      | Bought a runed war axe for 195 gold pieces
  4106 | D:5      | Reached skill level 5 in Armour
  4106 | D:5      | Reached skill level 5 in Shields
  4415 | D:5      | Found Lolazxoss's Weapon Shoppe.
  4491 | D:5      | Reached XP level 8. HP: 24/70 MP: 4/8
  5274 | D:5      | Killed Menkaure
  5587 | D:6      | Noticed a troll
  5593 | D:6      | Killed a troll
  5594 | D:6      | Reached XP level 9. HP: 41/79 MP: 4/9
  5857 | D:6      | Found a glowing drain.
  5861 | Sewer    | Entered a sewer
  5971 | Sewer    | Reached skill level 10 in Axes
  6789 | D:6      | Identified the +11 whip "Buipt" {venom, rElec rPois rC++
                  | Dex-4}
  7036 | D:6      | Reached skill level 1 in Maces & Flails
  7422 | D:6      | Found Tyluih's Assorted Antiques.
  7443 | D:6      | Bought a scroll of identify for 64 gold pieces
  7445 | D:6      | Bought a pair of boots for 144 gold pieces
  7474 | D:6      | Found an ancient bone altar of Kikubaaqudgha.
  9021 | D:7      | Noticed Joseph
  9033 | D:7      | Killed Joseph
  9034 | D:7      | Reached XP level 10. HP: 65/88 MP: 7/10
  9100 | D:7      | Found a staircase to the Ecumenical Temple.
  9512 | D:7      | Found a bloodstained altar of Trog.
  9515 | D:7      | Noticed a wizard
  9520 | D:7      | Killed a wizard
  9580 | D:8      | Noticed Maurice
  9582 | D:8      | Paralysed by Maurice for 2 turns
  9594 | D:8      | Killed Maurice
  9595 | D:8      | Reached skill level 5 in Maces & Flails
  9844 | D:8      | Found a staircase to the Lair.
 10073 | D:8      | Found Xewet's Antique Weapon Shoppe.
 10084 | D:8      | Bought a warped war axe for 187 gold pieces
 10084 | D:8      | Identified the +1 war axe of Superiority {flame, rPois rC+
                  | Int-5 SInv} (You bought it in a shop on level 8 of the
                  | Dungeon)
 10783 | Lair:1   | Entered Level 1 of the Lair of Beasts
 10971 | Temple   | Entered the Ecumenical Temple
 11948 | Lair:1   | Reached XP level 11. HP: 50/97 MP: 5/11
 12876 | D:9      | Found an iron altar of Okawaru.
 12888 | D:9      | Became a worshipper of Warmaster Okawaru
 12984 | D:9      | Found Ryskih's Book Boutique.
 13034 | D:9      | Reached skill level 10 in Fighting
 13034 | D:9      | Found a roughly hewn altar of Beogh.
 13035 | D:9      | Found a staircase to the Orcish Mines.
 13332 | D:9      | Found a hide-covered altar of Uskayaw.
 13347 | D:9      | Reached * piety under Okawaru
 13488 | D:9      | Found Ivoupn's Armour Emporium.
 13715 | D:9      | Found Ycim's Distillery.
 13730 | D:9      | Bought a potion of enlightenment for 55 gold pieces
 13730 | D:9      | Bought a potion of heal wounds for 55 gold pieces
 13730 | D:9      | Bought a potion of mutation for 88 gold pieces
 13730 | D:9      | Bought a potion of might for 44 gold pieces
 13759 | D:9      | Noticed a two-headed ogre
 13770 | D:9      | Killed a two-headed ogre
 13770 | D:9      | Reached ** piety under Okawaru
 13831 | D:9      | Noticed a two-headed ogre
 13844 | D:9      | Killed a two-headed ogre
 14200 | D:9      | Found a glowing silver altar of Zin.
 14209 | D:9      | Found a white marble altar of Elyvilon.
 14432 | Lair:1   | Reached *** piety under Okawaru
 14761 | Lair:1   | Reached XP level 12. HP: 81/108 MP: 9/12
 14890 | Lair:1   | Reached skill level 10 in Armour
 14890 | Lair:1   | Reached skill level 10 in Shields
 14899 | Lair:1   | Reached **** piety under Okawaru
 15726 | Lair:1   | Reached skill level 15 in Axes
 16105 | Lair:2   | Reached ***** piety under Okawaru
 16568 | Lair:2   | Noticed a skyshark
 16582 | Lair:2   | Killed a skyshark
 16597 | Lair:2   | Received a gift from Okawaru
 16950 | Lair:2   | Noticed an eight-headed hydra
 16967 | Lair:2   | Killed a one-headed hydra
 17212 | Lair:2   | Reached XP level 13. HP: 31/118 MP: 6/13
 18704 | Lair:3   | Received a gift from Okawaru
 18777 | Lair:3   | Found a staircase to the Snake Pit.
 19613 | Lair:3   | Found a staircase to the Swamp.
 20469 | Lair:3   | Identified the +11 war axe of Veolec {freeze, Will+}
 20562 | Lair:3   | Received a gift from Okawaru
 20906 | Lair:4   | Reached XP level 14. HP: 129/129 MP: 11/14
 22021 | Lair:5   | Entered Level 5 of the Lair of Beasts
 22022 | Lair:5   | Identified the ring of Otuagg {Fly Will- Int+6 Dex+5
                  | Slay+2}
 22030 | Lair:4   | Received a gift from Okawaru
 22511 | Lair:5   | Reached skill level 1 in Invocations
 22526 | Lair:5   | Reached skill level 1 in Evocations
 22974 | Lair:5   | Received a gift from Okawaru
 23253 | Lair:5   | Found a staircase to the Slime Pits.
 23886 | Lair:5   | Noticed a dire elephant
 23886 | Lair:5   | Noticed a dire elephant
 23886 | Lair:5   | Noticed a dire elephant
 24071 | Lair:5   | Noticed Sonja
 24084 | Lair:5   | Killed Sonja
 24506 | Lair:5   | Reached skill level 15 in Fighting
 24506 | Lair:5   | Reached skill level 5 in Invocations
 24694 | Lair:5   | Killed a dire elephant
 24694 | Lair:5   | Received a gift from Okawaru
 24699 | Lair:5   | Killed a dire elephant
 24976 | Lair:5   | Noticed a dire elephant
 24985 | Lair:5   | Killed a dire elephant
 24986 | Lair:5   | Reached XP level 15. HP: 118/141 MP: 14/19
 24993 | Lair:5   | Noticed Kirke
 25001 | Lair:5   | Killed Kirke
 25179 | Lair:5   | Identified the ring of Fedhas's Generosity {Fire rElec
                  | rCorr}
 25370 | Lair:5   | Received a gift from Okawaru
 26082 | Orc:1    | Entered Level 1 of the Orcish Mines
 26185 | Orc:2    | Entered Level 2 of the Orcish Mines
 26186 | Orc:2    | Found a roughly hewn altar of Beogh.
 26447 | Orc:1    | Reached skill level 5 in Evocations
 26645 | Orc:1    | You fall into a shaft and drop 1 floor!
 26940 | Orc:1    | Noticed Urug
 26961 | Orc:1    | Killed Urug
 27433 | Orc:2    | Found a staircase to the Elven Halls.
 28544 | Orc:2    | Found Poxely's Armour Shop.
 28697 | Orc:2    | Found Yfecrec's Book Shop.
 28697 | Orc:2    | Found Xugott's Antique Weapon Shoppe.
 28698 | Orc:2    | Found Alearch's Armour Emporium.
 28698 | Orc:2    | Found Hyociag's Antique Armour Shop.
 28736 | Orc:2    | Bought a +2 cloak of preservation for 387 gold pieces
 28736 | Orc:2    | Bought a +2 buckler of fire resistance for 387 gold pieces
 28911 | D:10     | Entered Level 10 of the Dungeon
 29117 | D:10     | Found a runed translucent gate.
 29117 | D:10     | Found a runed translucent gate.
 29118 | D:10     | Found a runed translucent gate.
 29123 | D:10     | Noticed xnavy's ghost (novice DsSh)
 29368 | D:10     | Found Vicou's Antique Armour Shop.
 29461 | D:10     | Received a gift from Okawaru
 29913 | D:10     | Killed xnavy's ghost
 30743 | D:11     | Identified the +4 mace of the Assorted Invaders {chaos, rC+
                  | rN+ Int-3 SInv}
 30952 | D:12     | Noticed Nergalle
 30967 | D:12     | Killed Nergalle
 31035 | D:12     | Reached XP level 16. HP: 119/155 MP: 18/22
 31215 | D:12     | Noticed Jorgrun
 31227 | D:12     | Killed Jorgrun
 32273 | D:13     | Noticed a tengu reaver
 32280 | D:13     | Noticed a sphinx
 32282 | D:13     | Noticed a tengu reaver
 32650 | D:13     | Received a gift from Okawaru
 32743 | D:13     | Noticed Rupert
 32753 | D:13     | Paralysed by Rupert for 3 turns
 32765 | D:13     | Killed Rupert
 32934 | D:13     | Found a gate to the Vaults.
 33139 | D:13     | Killed a tengu reaver
 33139 | D:13     | Killed from afar by a tengu reaver

Illustrated notes

Levels and vault maps discovered:
D:1:      moated_graveyard_arrival, layout_basic, minmay_surrounded
D:2:      layout_basic, hellmonk_ecumenical_altar_lost_god, minivault_24,
          chequers_serial_rivers_micro_b
D:3:      layout_loops_corners, nicolae_overflow_hidden_temple
D:4:      layout_basic, worldfamousw_hep_ancestral_shrine,
          gammafunk_ghost_gnarly_gnolls, serial_shops, shop
D:5:      minmay_polygon_palace, layout_cave_pools, hangedman_ru_absence,
          serial_shops, nicolae_shop_bloodbath_and_beyond, uniq_menkaure
D:6:      layout_layer_cave, mainiacjoe_overflow_chevrons, serial_shops, shop,
          gup_sewer_entry_spiral
D:7:      layout_cave_pods, trog_wizard, minmay_temple_entry_arrows, uniq_joseph
D:8:      layout_gridville, lair_entry_dummy, serial_shops, shop,
          serial_bayou_lagoon_b, uniq_maurice
D:9:      layout_stronghold, mainiacjoe_overflow_alcove_1,
          mainiacjoe_overflow_small_starburst, mainiacjoe_overflow_swirl,
          david_orc_5, serial_shops, shop, nicolae_shop_industrial_runoff,
          nicolae_shop_rolling_square, hangedman_fish_farm
D:10:     layout_loops_ring, gammafunk_ghost_spectres, serial_shops, shop
D:11:     layout_basic, nicolae_looking_at_the_future
D:12:     layout_small_grid, feat_on_display, uniq_jorgrun, uniq_nergalle
D:13:     cross_vault, layout_irregular_city, grunt_vaults_entry_tiered,
          uniq_rupert
Temple:   nicolae_temple_god_jail
Lair:1:   kb_forest_paths, layout_cave_pods, minmay_hedge_maze,
          small_statue_intersection, lemuel_fruit_fields
Lair:2:   nzn_winding_woodlands_medium [nzn_winding_woodlands_5x5_default,
          nzn_winding_woodlands_5x15_zeroes,
          nzn_winding_woodlands_5x5_perimeter,
          nzn_winding_woodlands_5x5_closed_star,
          nzn_winding_woodlands_center_triple_pond,
          nzn_winding_woodlands_5x5_default, nzn_winding_woodlands_5x5_three,
          nzn_winding_woodlands_5x15_garden,
          nzn_winding_woodlands_5x5_checkerboard], layout_misc_corridors
Lair:3:   layout_gridlike, nicolae_swamp_entry_spooky,
          guppyfry_snake_entry_island
Lair:4:   layout_gridlike, nzn_sisyphean_effort, serial_bayou_shore_b,
          grunt_megastairs_4
Lair:5:   due_jungle_book, layout_cave_pods, slime_entry_1,
          infiniplex_staircase_pool, uniq_kirke, uniq_sonja
Orc:1:    layout_diamond_mine, lightli_orcish_oven, uniq_urug
Orc:2:    st_orc_ogre_mass, layout_caves, serial_shops, nicolae_shop_trees,
          basic_altar

Skill      XL: |  1  2  3  4  5  6  7  8  9 10 11 12 13 14 15 16 |
---------------+-------------------------------------------------+-----
Axes           | 3 4 5 6 7 9 10 12 14 16 17 | 17.1
Fighting       | 4 5 7 8 9 10 12 13 15 17 | 17.9
Armour         | 4 5 6 7 8 9 11 12 13 14 | 14.6
Shields        | 4 5 6 7 8 9 11 12 | 12.5
Maces & Flails | 4 5 8 9 |  9.1
Invocations    | 5 8 9 |  9.5
Evocations     | 4 6 7 |  7.3

Action                     |  1- 3 |  4- 6 |  7- 9 | 10-12 | 13-15 | 16-18 || total
---------------------------+-------+-------+-------+-------+-------+-------++-------
  Melee: War axe           |    99 |    93 |   230 |   432 |   827 |   137 ||  1818
         Whip              |       |       |   120 |   271 |   386 |    36 ||   813
  Throw: Throwing net      |       |       |       |     1 |       |       ||     1
 Invoke: Heroism           |       |       |       |     2 |    29 |     8 ||    39
         Finesse           |       |       |       |       |     1 |     2 ||     3
  Evoke: Wand              |       |       |     1 |       |       |       ||     1
    Use: Scroll            |       |     2 |     5 |     1 |     6 |     6 ||    20
         Potion            |       |       |       |     3 |     1 |       ||     4
   Stab: Petrified         |       |       |       |       |    12 |       ||    12
         Petrifying        |       |       |       |       |     2 |       ||     2
         Distracted        |       |       |       |       |     1 |       ||     1
 Armour: Scale mail        |    60 |    90 |   299 |       |       |       ||   449
         Plate armour      |       |       |    57 |   527 |   939 |   104 ||  1627
  Dodge: Dodged            |    49 |    59 |   188 |   156 |   408 |    38 ||   898
  Block: Buckler           |    23 |    19 |   112 |   127 |   392 |    46 ||   719

Table legend: (Time is in decaauts)
 A = Elapsed time spent in this place.
 B = Non-inter-level travel time spent in this place.
 C = Inter-level travel time spent in this place.
 D = Time resting spent in this place.
 E = Time spent auto-exploring this place.
 F = Levels seen in this place.
 G = Mean time per level.
                   A        B        C        D        E       F      G
               +--------+--------+--------+--------+--------+-----+--------+
         Total |  32815 |  31163 |   1652 |  12296 |  13924 |  22 | 1491.6 |
       Dungeon |  16637 |  15513 |   1124 |   4879 |   8402 |  13 | 1279.8 |
        Temple |     49 |     41 |      8 |      0 |      0 |   1 |   49.0 |
          Lair |  12670 |  12225 |    445 |   5957 |   4450 |   5 | 2534.0 |
  Orcish Mines |   2695 |   2621 |     74 |   1110 |    910 |   2 | 1347.5 |
         Sewer |    762 |    762 |      0 |    350 |    160 |   1 |  762.0 |
               +--------+--------+--------+--------+--------+-----+--------+

Top non-repeatable levels by time:
  Lair:5: 3095 daAuts
  Lair:1: 3002 daAuts
  Lair:2: 2418 daAuts
     D:6: 2245 daAuts
  Lair:3: 2240 daAuts
  Lair:4: 1913 daAuts
     D:5: 1851 daAuts
   Orc:2: 1682 daAuts
     D:9: 1673 daAuts
     D:8: 1538 daAuts
     D:4: 1465 daAuts
    D:13: 1434 daAuts
     D:7: 1169 daAuts
    D:10: 1017 daAuts
   Orc:1: 1012 daAuts
